[Event "ICC tourney 1954 (60 10)"]
[Site "Internet Chess Club"]
[Date "2020.08.07"]
[Round "3"]
[White "Red-Pin"]
[Black "lerui"]
[Result "1/2-1/2"]
[ICCResult "Game drawn by repetition"]
[WhiteElo "1302"]
[BlackElo "207"]
[Opening "Queen's pawn, Mason variation"]
[ECO "D00"]
[NIC "QP.08"]
[Time "18:36:00"]
[TimeControl "3600+10"]

1. d4 d5 2. Bf4 Nf6 3. c4 e6 4. e3 Bb4+ 5. Nc3 Bxc3+ 6. bxc3 O-O 7. Nf3 h6
8. h3 Nc6 9. Qc2 Re8 10. cxd5 exd5 11. Bb5 Bd7 12. Ne5 Nxe5 13. dxe5 Bxb5
14. exf6 Qxf6 15. Bxc7 Rac8 16. a4 Bxa4 17. Qxa4 Qxc3+ 18. Kf1 Qxc7 19. Ke2
Ra8 20. Rac1 Qd6 21. Rb1 Qe7 22. Qb5 Rab8 23. Qxd5 Red8 24. Qa2 Ra8 25. Rhc1
Re8 26. Qa5 b6 27. Qa2 Qd6 28. g3 Qf6 29. Rc7 Re7 30. Rbc1 Qd6 31. R7c6 Qe5
32. Rxb6 Qh5+ 33. Ke1 Qxh3 34. Rbc6 Rd8 35. Qe2 Red7 36. Qf3 Rd1+ 37. Rxd1
Rxd1+ 38. Qxd1 Qh1+ 39. Ke2 Qxc6 40. Qd8+ Kh7 41. Qe7 a5 42. Qxf7 a4 43.
Qf5+ Kg8 44. Qa5 Qc4+ 45. Kd2 Qa2+ 46. Kd1 a3 47. Qa8+ Kh7 48. Qe4+ Kh8 49.
Qe8+ Kh7 50. Qe4+ Kg8 51. Qe8+ Kh7 52. Qe4+ Kh8 53. Qe8+ Kh7 54. Qe4+
{Game drawn by repetition}
1/2-1/2

[Event "ICC tourney 1954 (60 10)"]
[Site "Internet Chess Club"]
[Date "2020.08.07"]
[Round "3"]
[White "Locolobomofo"]
[Black "wonderwoman"]
[Result "0-1"]
[ICCResult "White checkmated"]
[WhiteElo "227"]
[BlackElo "1317"]
[Opening "Sicilian: closed, 2...Nc6"]
[ECO "B23"]
[NIC "SI.44"]
[Time "18:36:30"]
[TimeControl "3600+10"]

1. e4 c5 2. Nc3 Nc6 3. d3 g6 4. g3 Bg7 5. Nd5 e6 6. Ne3 Nf6 7. Bg2 O-O 8.
Bd2 d5 9. Nh3 d4 10. Nc4 b5 11. Na3 a5 12. O-O Rb8 13. Qc1 c4 14. f4 Ba6 15.
e5 Nd5 16. Ng5 h6 17. Ne4 Ne3 18. Bxe3 dxe3 19. Nf6+ Bxf6 20. exf6 Nd4 21.
Qxe3 Nf5 22. Qd2 Qd4+ 23. Rf2 Qxb2 24. Re1 Qxa3 25. g4 c3 26. Qe2 Nd4 27.
Qe4 Qd6 28. g5 h5 29. Bf3 Bb7 30. Qe3 Nf5 31. Qe2 Qxf4 32. Bxh5 Qxg5+ 33.
Bg4 Nh4 34. Kf1 Qd5 35. Bf3 Nxf3 36. Qe3 Nd2+ 37. Ke2 Qh5+ 38. Rf3 Bxf3+ 39.
Kf2 Qxh2# {White checkmated} 0-1

[Event "ICC tourney 1954 (60 10)"]
[Site "Internet Chess Club"]
[Date "2020.08.07"]
[Round "3"]
[White "diamondearring"]
[Black "yayadream"]
[Result "0-1"]
[ICCResult "White checkmated"]
[WhiteElo "901"]
[BlackElo "1362"]
[Opening "Giuoco Piano"]
[ECO "C50"]
[NIC "IG.02"]
[Time "18:36:19"]
[TimeControl "3600+10"]

1. e4 e5 2. Nf3 Nc6 3. Bc4 Bc5 4. O-O Nf6 5. Nc3 d6 6. h3 O-O 7. d3 h6 8.
Re1 Ne7 9. d4 exd4 10. Nxd4 Ng6 11. Nf5 Bxf5 12. exf5 Nh4 13. Bd3 Qd7 14.
Ne4 Nxe4 15. Bxe4 Nxf5 16. Bxb7 Rab8 17. Bf3 Nh4 18. Bg4 Qc6 19. Bf3 Nxf3+
20. Qxf3 Qxf3 21. gxf3 Bd4 22. c3 Be5 23. Re2 Rfe8 24. f4 Bf6 25. Rxe8+ Rxe8
26. Be3 a6 27. Bd4 Bxd4 28. cxd4 Re4 29. Rc1 Rxf4 30. Rxc7 Rxd4 31. b3 Rd1+
32. Kg2 Rd5 33. Rd7 a5 34. a3 Rd3 35. b4 axb4 36. axb4 Rb3 37. Rxd6 Rxb4 38.
Rd7 f6 39. Rd8+ Kf7 40. Rd7+ Kg6 41. Kg3 h5 42. h4 Rg4+ 43. Kh3 Rf4 44. Kg3
Re4 45. f3 Re3 46. Kf2 Ra3 47. Rc7 Kh6 48. Rc6 Kg6 49. Rc7 Ra4 50. Kg3 f5
51. Rc6+ Kh7 52. Rc5 g6 53. Rc7+ Kh6 54. Rf7 Ra1 55. Kf4 Rg1 56. Rf6 Kg7 57.
Ra6 Rh1 58. Ra7+ Kh6 59. Kg3 f4+ 60. Kxf4 Rxh4+ 61. Kg3 Rb4 62. Ra8 h4+ 63.
Kh2 g5 64. Rh8+ Kg7 65. Re8 Rb2+ 66. Kh3 Kg6 67. Kg4 Rb4+ 68. Kh3 Rb3 69.
Kg4 Rb1 70. Rg8+ Kf6 71. Rxg5 Rg1+ 72. Kh5 Rxg5+ 73. Kxh4 Kf5 74. Kh3 Kf4
75. Kh4 Rg1 76. Kh3 Kxf3 77. Kh4 Kf4 78. Kh3 Rg4 79. Kh2 Rg3 80. Kh1 Kf3 81.
Kh2 Kf2 82. Kh1 Rh3# {White checkmated} 0-1

[Event "ICC tourney 1954 (60 10)"]
[Site "Internet Chess Club"]
[Date "2020.08.07"]
[Round "3"]
[White "ayanloveschess"]
[Black "kkjrme"]
[Result "0-1"]
[ICCResult "White checkmated"]
[WhiteElo "736"]
[BlackElo "1245"]
[Opening "Sicilian: Hungarian variation"]
[ECO "B34"]
[NIC "SI.43"]
[Time "18:36:19"]
[TimeControl "3600+10"]

1. e4 c5 2. Nf3 g6 3. d4 cxd4 4. Nxd4 Bg7 5. Nc3 Nc6 6. Be3 Nf6 7. Bd3 O-O
8. O-O d6 9. h3 a6 10. Qd2 Bd7 11. a3 Rc8 12. Nxc6 Bxc6 13. Bh6 b5 14. Bxg7
Kxg7 15. b4 Qc7 16. a4 Bb7 17. Ra3 bxa4 18. Nxa4 Nxe4 19. Bxe4 Bxe4 20. Rc3
Qb7 21. Rxc8 Rxc8 22. Re1 Bxg2 23. Nc3 Bxh3 24. Qd4+ Kg8 25. Qe4 Qxe4 26.
Nxe4 Rxc2 27. Ng5 Be6 28. Nxe6 fxe6 29. Rxe6 Kf7 30. Re4 d5 31. Rd4 Rc4 32.
Rxd5 Rxb4 33. Ra5 Rb6 34. Kg2 h5 35. Kg3 Kf6 36. Kh4 e5 37. Kg3 Kf5 38. f4
Rb5 39. Rxa6 exf4+ 40. Kf3 Rb3+ 41. Kf2 g5 42. Ra5+ Kg4 43. Ra1 h4 44. Rg1+
Rg3 45. Rxg3+ hxg3+ 46. Kg2 f3+ 47. Kg1 g2 48. Kf2 Kh3 49. Kg1 g4 50. Kf2
Kh2 51. Ke1 g1=Q+ 52. Kd2 f2 53. Kd3 f1=Q+ 54. Kc3 Qe3+ 55. Kb4 Qff4+ 56.
Kb5 Qee5+ 57. Kb6 Qff6+ 58. Kb7 Qee7+ 59. Kb8 Qff8# {White checkmated} 0-1

[Event "ICC tourney 1954 (60 10)"]
[Site "Internet Chess Club"]
[Date "2020.08.07"]
[Round "3"]
[White "tasawyer81"]
[Black "WizardY"]
[Result "0-1"]
[ICCResult "White resigns"]
[WhiteElo "923"]
[BlackElo "929"]
[Opening "QGD: Semi-Tarrasch, 5.cd"]
[ECO "D41"]
[NIC "TD.12"]
[Time "18:36:36"]
[TimeControl "3600+10"]

1. d4 d5 2. c4 e6 3. Nc3 Nf6 4. Nf3 c5 5. cxd5 exd5 6. e3 Be7 7. Ne5 Nbd7 8.
Bb5 a6 9. Qa4 O-O 10. Nxd7 Nxd7 11. O-O Nb6 12. Qa5 axb5 13. Qxb5 Bd7 14.
Qb3 c4 15. Qc2 Bb4 16. e4 Bxc3 17. bxc3 Ba4 18. Qe2 dxe4 19. Bf4 Re8 20. Be5
f6 21. Bf4 Rc8 22. Be3 Nd5 23. Qb2 Nxe3 24. fxe3 Bc6 25. Qb4 Bd5 26. a4 Qe7
27. Qb5 Qd6 28. Rf5 Be6 29. Rc5 Qa6 30. Qb4 Rxc5 31. Qxc5 Qc6 32. Qa3 Ra8
33. a5 Qb5 34. Qd6 Bf7 35. d5 Qxd5 36. a6 Qxd6 {White resigns} 0-1

[Event "ICC tourney 1954 (60 10)"]
[Site "Internet Chess Club"]
[Date "2020.08.07"]
[Round "3"]
[White "Rockstaryoyo901"]
[Black "janeff1110"]
[Result "0-1"]
[ICCResult "White checkmated"]
[WhiteElo "747"]
[BlackElo "994"]
[Opening "Giuoco Piano"]
[ECO "C54"]
[NIC "IG.02"]
[Time "18:36:49"]
[TimeControl "3600+10"]

1. e4 e5 2. Nf3 Nc6 3. Bc4 Bc5 4. c3 Nf6 5. d4 exd4 6. cxd4 Bb4+ 7. Bd2
Bxd2+ 8. Nbxd2 d5 9. exd5 Nxd5 10. Qe2+ Be6 11. O-O O-O 12. b3 a6 13. Rfe1
b5 14. Bd3 Nc3 15. Qe3 Nd5 16. Qe4 g6 17. Ne5 Nxe5 18. Qxe5 Qd7 19. Rac1 Qd6
20. Qxd6 cxd6 21. a3 Rac8 22. a4 Nb4 23. Be2 bxa4 24. bxa4 a5 25. Bb5 Bf5
26. Rxc8 Rxc8 27. Re3 Rc1+ 28. Nf1 Rd1 29. Re8+ Kg7 30. Ra8 Rxd4 31. Rxa5
Bd3 32. Bxd3 Rxd3 33. Ra8 Ra3 34. a5 d5 35. a6 Rxa6 36. Rd8 Ra5 37. g3 Nc6
38. Rd6 Ne5 39. Ne3 d4 40. Nf1 d3 41. Kg2 Ra7 42. f4 Ra2+ 43. Kg1 Nf3+ 44.
Kh1 Rf2 45. Rd7 Rxf1+ 46. Kg2 Nd2 47. Rxd3 Rd1 48. g4 Kh6 49. h4 f5 50. g5+
Kh5 51. Kh3 Ne4 52. Ra3 Rh1+ 53. Kg2 Rxh4 54. Rf3 Rg4+ 55. Kh2 Nxg5 56. fxg5
Kxg5 57. Rg3 Rxg3 58. Kxg3 f4+ 59. Kf3 Kf5 60. Kf2 Ke4 61. Ke2 f3+ 62. Kf2
Kf4 63. Kf1 Ke3 64. Ke1 f2+ 65. Kf1 h6 66. Kg2 Ke2 67. Kh3 f1=Q+ 68. Kh2
Qf4+ 69. Kh1 Qg5 70. Kh2 Kf2 71. Kh3 Qg3# {White checkmated} 0-1

[Event "ICC tourney 1954 (60 10)"]
[Site "Internet Chess Club"]
[Date "2020.08.07"]
[Round "3"]
[White "BotanicalKnight"]
[Black "suhavit"]
[Result "1-0"]
[ICCResult "Black checkmated"]
[WhiteElo "1396"]
[BlackElo "1097"]
[Opening "Bishop's opening: Berlin defense"]
[ECO "C24"]
[NIC "IG.04"]
[Time "18:36:22"]
[TimeControl "3600+10"]

1. e4 e5 2. Bc4 Nf6 3. d3 h6 4. Nc3 Nc6 5. f4 exf4 6. Bxf4 d6 7. Nf3 Be7 8.
O-O O-O 9. h3 Be6 10. Bb3 Bxb3 11. axb3 a6 12. g4 Qd7 13. Kh2 Nh7 14. Nd5
Rfe8 15. Qd2 Bg5 16. Nxg5 Nxg5 17. Bxg5 hxg5 18. Qxg5 Kf8 19. Qh5 f6 20.
Nxf6 gxf6 21. Rxf6+ Kg8 22. Rg6+ Kf8 23. Rf1+ Ke7 24. Qg5# {Black
checkmated} 1-0

[Event "ICC tourney 1954 (60 10)"]
[Site "Internet Chess Club"]
[Date "2020.08.07"]
[Round "3"]
[White "TigranJunior"]
[Black "narayan0811"]
[Result "1/2-1/2"]
[ICCResult "Game drawn by mutual agreement"]
[WhiteElo "1302"]
[BlackElo "1091"]
[Opening "Réti: advance variation"]
[ECO "A09"]
[NIC "RE.16"]
[Time "18:35:54"]
[TimeControl "3600+10"]

1. Nf3 d5 2. c4 d4 3. e3 Nc6 4. exd4 Nxd4 5. Nxd4 Qxd4 6. d3 Bf5 7. Qf3 Qe5+
8. Qe3 Qxe3+ 9. fxe3 e5 10. e4 Bg6 11. Be3 O-O-O 12. a3 f5 13. Nc3 Nf6 14.
Bg5 Be7 15. O-O-O fxe4 16. Bxf6 Bxf6 17. Nxe4 Bxe4 18. dxe4 Rxd1+ 19. Kxd1
Rd8+ 20. Kc2 Rd4 21. Bd3 Kd7 22. Rd1 Ke6 23. Kc3 c5 24. Bc2 a6 25. Rxd4
exd4+ 26. Kd3 Bg5 27. b3 Bc1 28. a4 Ba3 29. Ke2 Ke5 30. Kf3 Bc1 31. Bd3 Bd2
32. Ke2 Be3 33. Kf3 h5 34. g4 h4 35. h3 g5 36. Bb1 Bf4 37. Bd3 Kd6 38. Ke2
Kc6 39. Kd1 Kb6 40. Kc2 Ka5 41. Be2 Kb4 42. Bd3 Bg3 43. Be2 b6 44. Bd3 a5
45. Be2 Be5 46. Bd3 Ka3 47. Be2 Ka2 48. Bd3 Ka3 49. Be2 Kb4 50. Bd3 Bf6 51.
Be2 Ka3 {Game drawn by mutual agreement} 1/2-1/2

[Event "ICC tourney 1954 (60 10)"]
[Site "Internet Chess Club"]
[Date "2020.08.07"]
[Round "3"]
[White "handsomematch"]
[Black "Leifpaulson"]
[Result "1-0"]
[ICCResult "Black checkmated"]
[WhiteElo "1216"]
[BlackElo "925"]
[Opening "Ruy Lopez: classical (Cordel) defense"]
[ECO "C64"]
[NIC "RL.01"]
[Time "18:36:36"]
[TimeControl "3600+10"]

1. e4 e5 2. Nf3 Nc6 3. Bb5 Bc5 4. O-O Nge7 5. c3 a6 6. Ba4 O-O 7. d4 exd4 8.
cxd4 Ba7 9. d5 b5 10. Bc2 Nb4 11. Bb3 Bb7 12. a3 c5 13. axb4 cxb4 14. Bg5 d6
15. e5 f6 16. exf6 gxf6 17. Bh6 Rf7 18. Nd4 Bxd4 19. Qxd4 Nf5 20. Qg4+ Ng7
21. Re1 f5 22. Qg3 Qf6 23. Bxg7 Rxg7 24. Qd3 Rf8 25. Re2 Qg5 26. f3 f4 27.
Nd2 Kf7 28. Ne4 Qg6 29. Rae1 Kg8 30. Qd4 a5 31. Bc2 b3 32. Bxb3 a4 33. Bc2
Ba6 34. Qb6 Bc8 35. Nxd6 Qg5 36. Nxc8 Rxc8 37. Qe6+ Kh8 38. Qxc8+ Rg8 39.
Qc3+ Rg7 40. Re8# {Black checkmated} 1-0

[Event "ICC tourney 1954 (60 10)"]
[Site "Internet Chess Club"]
[Date "2020.08.07"]
[Round "3"]
[White "Jesserocks135"]
[Black "JCJ2018"]
[Result "1-0"]
[ICCResult "Black checkmated"]
[WhiteElo "1299"]
[BlackElo "993"]
[Opening "QGD Slav defense: exchange variation"]
[ECO "D10"]
[NIC "SL.01"]
[Time "18:35:45"]
[TimeControl "3600+10"]

1. d4 d5 2. c4 c6 3. cxd5 cxd5 4. Nc3 Nf6 5. Bg5 Qb6 6. Qd2 h6 7. Bxf6 exf6
8. Nxd5 Qc6 9. e4 Qa4 10. Nc3 Nc6 11. Nxa4 Be7 12. Bb5 O-O 13. Bxc6 bxc6 14.
Nc5 Rb8 15. Nf3 Be6 16. O-O Bg4 17. h3 Bxf3 18. gxf3 Rfd8 19. Na6 Rb6 20.
Nc5 Bxc5 21. dxc5 Rxd2 22. cxb6 axb6 23. Rab1 Rd3 24. Kg2 Kf8 25. Rbc1 c5
26. Rfd1 Rxd1 27. Rxd1 Ke7 28. Kf1 Ke6 29. Rd5 g6 30. Ke2 f5 31. Kd3 fxe4+
32. fxe4 f5 33. exf5+ Kxd5 34. fxg6 Ke6 35. f4 Kf6 36. f5 b5 37. a4 bxa4 38.
Kc4 h5 39. Kxc5 a3 40. bxa3 h4 41. a4 Kg7 42. a5 Kf6 43. a6 Kxf5 44. g7 Kf4
45. g8=Q Ke4 46. Qe6+ Kf4 47. Qg4+ Ke3 48. Kd5 Kf2 49. Kd4 Ke1 50. Qg2 Kd1
51. Kd3 Kc1 52. Qc2# {Black checkmated} 1-0

[Event "ICC tourney 1954 (60 10)"]
[Site "Internet Chess Club"]
[Date "2020.08.07"]
[Round "3"]
[White "Vidipkona"]
[Black "nguyencaptures"]
[Result "1-0"]
[ICCResult "Black checkmated"]
[WhiteElo "1274"]
[BlackElo "1123"]
[Opening "Ruy Lopez: 5.O-O"]
[ECO "C78"]
[NIC "RL.12"]
[Time "18:36:22"]
[TimeControl "3600+10"]

1. e4 e5 2. Nf3 Nc6 3. Bb5 a6 4. Ba4 Nf6 5. O-O b5 6. Bb3 Be7 7. d3 d6 8. c3
Bg4 9. Nbd2 O-O 10. Re1 a5 11. a4 b4 12. Nf1 Qb8 13. Bc2 Bxf3 14. Qxf3 b3
15. Bd1 Rd8 16. Nd2 d5 17. exd5 Rxd5 18. Bxb3 Rd6 19. Bc2 Qa7 20. Nc4 Re6
21. Be3 Qb7 22. Rad1 Nd8 23. Qxb7 Nxb7 24. d4 exd4 25. Bxd4 Nd6 26. Rxe6
fxe6 27. Nxd6 cxd6 28. Bb3 d5 29. Bxf6 Bxf6 30. Rxd5 Rb8 31. Rb5 Rxb5 32.
axb5 Kf7 33. f4 Bd8 34. f5 Kf6 35. fxe6 Ke7 36. Kf2 Bc7 37. h3 h6 38. Ke3
Bd6 39. Ke4 Kd8 40. Kd5 Be7 41. Kc6 Kc8 42. b6 Bd8 43. b7+ Kb8 44. Bd5 g5
45. Kd7 Bf6 46. e7 Bxe7 47. Kxe7 Kc7 48. Kf6 Kb8 49. Kg6 Ka7 50. Kxh6 Kb8
51. Kxg5 Kc7 52. h4 Kb8 53. h5 Kc7 54. h6 a4 55. h7 Kb8 56. h8=Q+ Kc7 57.
b8=Q+ Kd7 58. Qg7# {Black checkmated} 1-0

[Event "ICC tourney 1954 (60 10)"]
[Site "Internet Chess Club"]
[Date "2020.08.07"]
[Round "3"]
[White "GoFest04"]
[Black "edikiscool"]
[Result "1/2-1/2"]
[ICCResult "Game drawn by mutual agreement"]
[WhiteElo "999"]
[BlackElo "932"]
[Opening "Four knights: Spanish, classical defense"]
[ECO "C48"]
[NIC "KP.03"]
[Time "18:36:36"]
[TimeControl "3600+10"]

1. e4 e5 2. Nf3 Nf6 3. Nc3 Nc6 4. Bb5 Bc5 5. O-O d6 6. h3 O-O 7. d3 h6 8.
Be3 Bxe3 9. fxe3 Be6 10. d4 exd4 11. exd4 d5 12. Bxc6 bxc6 13. e5 Nd7 14.
Ne2 c5 15. c3 cxd4 16. Nexd4 c5 17. Nxe6 fxe6 {Game drawn by mutual
agreement} 1/2-1/2

[Event "ICC tourney 1954 (60 10)"]
[Site "Internet Chess Club"]
[Date "2020.08.07"]
[Round "3"]
[White "aslan777"]
[Black "AJRChess2011"]
[Result "0-1"]
[ICCResult "White resigns"]
[WhiteElo "488"]
[BlackElo "1159"]
[Opening "King's Indian: London system"]
[ECO "A48"]
[NIC "QP.03"]
[Time "18:37:16"]
[TimeControl "3600+10"]

1. d4 Nf6 2. Nf3 g6 3. Bf4 Bg7 4. e3 O-O 5. h3 d6 6. Bd3 Nbd7 7. O-O c5 8.
c3 Qb6 9. Qc2 d5 10. c4 cxd4 11. exd4 dxc4 12. Bxc4 Qc6 13. Bd3 Qxc2 14.
Bxc2 Nd5 15. Bg3 N7b6 16. Nbd2 Nb4 17. Bb1 Rd8 18. Nb3 Be6 19. Be4 Nc6 20.
Rfd1 Bxb3 21. axb3 Nd5 22. Ne5 Ncb4 23. Rac1 Rac8 24. Rxc8 Rxc8 25. Nd3 b6
26. Nxb4 Nxb4 27. Bb7 Rd8 28. d5 Bxb2 29. d6 exd6 30. Rxd6 Re8 31. Rd7 Re1+
32. Kh2 a5 33. Bc7 Be5+ 34. g3 Bxc7 35. Rxc7 Re2 36. Kg2 Nd3 37. Ba6 Rxf2+
38. Kg1 Rf3 39. Kg2 Ne1+ 40. Kh2 Rxb3 41. Re7 Nf3+ 42. Kg2 Nd4 43. Bc4 Rxg3+
44. Kh2 Rc3 45. Bxf7+ Kf8 46. Rb7 b5 47. Bd5 b4 48. Rxh7 b3 49. Rf7+ Ke8 50.
Rb7 a4 51. Bf7+ Kf8 52. Bxg6 a3 53. Rf7+ Kg8 54. Rf1 a2 55. Bf7+ Kg7 56. Bd5
Nc2 57. Rf7+ Kh6 58. Rf6+ Kg5 59. Rf8 a1=Q 60. Rg8+ Kf6 61. Rf8+ Kg7 62.
Rf7+ Kh6 63. Be4 Rxh3+ 64. Kxh3 Qc3+ 65. Rf3 Qe5 66. Bd3 Ne1 67. Rg3 Nxd3
68. Rxd3 Qf5+ {White resigns} 0-1

[Event "ICC tourney 1954 (60 10)"]
[Site "Internet Chess Club"]
[Date "2020.08.07"]
[Round "3"]
[White "PirateKing"]
[Black "ClydeChess"]
[Result "1-0"]
[ICCResult "Black resigns"]
[WhiteElo "860"]
[BlackElo "1105"]
[Opening "Queen's pawn game"]
[ECO "A46"]
[NIC "QP.05"]
[Time "18:36:10"]
[TimeControl "3600+10"]

1. d4 Nf6 2. Nf3 e6 3. Bf4 b6 4. Nbd2 Bb7 5. h3 d6 6. e3 Be7 7. Bd3 Nbd7 8.
c3 Rc8 9. O-O O-O 10. Qc2 g6 11. Bh2 Nh5 12. Rae1 f5 13. Qd1 Ndf6 14. Ng5
Ng7 15. Bc4 d5 16. Bd3 Ne4 17. f4 Nxg5 18. fxg5 Bxg5 19. Nf3 Bf6 20. Ne5 c5
21. dxc5 bxc5 22. Bb5 a6 23. Ba4 Bxe5 24. Bxe5 Nh5 25. Qb3 Rf7 26. Rd1 Qg5
27. Bf4 Nxf4 28. exf4 Qf6 29. Rde1 c4 30. Qd1 Rd8 31. b3 d4 32. cxd4 Rxd4
33. Qc2 Be4 34. Qb2 Rb7 35. Rd1 Rbd7 36. Bxd7 {Black resigns} 1-0

[Event "ICC tourney 1954 (60 10)"]
[Site "Internet Chess Club"]
[Date "2020.08.07"]
[Round "3"]
[White "jxfan1"]
[Black "stanwang"]
[Result "0-1"]
[ICCResult "White resigns"]
[WhiteElo "1193"]
[BlackElo "1423"]
[Opening "Ruy Lopez: 5.O-O"]
[ECO "C78"]
[NIC "RL.12"]
[Time "18:35:55"]
[TimeControl "3600+10"]

1. e4 e5 2. Nf3 Nc6 3. Bb5 a6 4. Ba4 Nf6 5. O-O b5 6. Bb3 Be7 7. d3 O-O 8.
c3 Bb7 9. Be3 h6 10. Nbd2 d6 11. Re1 Ng4 12. h3 Nxe3 13. fxe3 Bf6 14. d4 Re8
15. Nf1 Ne7 16. Ng3 Ng6 17. Bc2 Bh4 18. Nxh4 Qxh4 19. Nf5 Qg5 20. d5 Bc8 21.
Qd3 Bxf5 22. exf5 Nh4 23. Qe2 Nxf5 24. Bxf5 Qxf5 25. e4 Qf6 26. Rf1 Qg6 27.
c4 b4 28. Rac1 Rec8 29. c5 c6 30. cxd6 Qxd6 31. Qf3 f6 32. dxc6 Rxc6 33.
Rxc6 Qxc6 34. Qb3+ Kh8 35. Qxb4 a5 36. Qe1 Qb6+ 37. Qf2 Qxf2+ 38. Rxf2 Rc8
39. Kh2 Rc1 40. Re2 Kh7 41. Kg3 Kg6 42. Kf3 Rf1+ 43. Rf2 Rd1 44. Ke3 Ra1 45.
a3 a4 46. Kf3 Kg5 47. Kg3 Re1 48. Kf3 h5 49. Re2 Rxe2 50. Kxe2 Kf4 51. Kd3
h4 52. b3 axb3 53. a4 b2 54. Kc2 Kxe4 55. Kxb2 Kd5 56. a5 e4 57. Kc2 Kc5 58.
Kd2 Kb5 59. Ke3 f5 60. Kf2 Kxa5 61. g3 hxg3+ 62. Kxg3 e3 63. Kf3 f4 64. Ke2
g5 65. Kf3 Kb4 66. Ke2 Kc3 67. Ke1 f3 68. Kd1 Kd3 69. Ke1 f2+ 70. Kf1 e2+
71. Kxf2 Kd2 72. Kf3 e1=Q 73. Kg4 Qe6+ 74. Kxg5 Qxh3 {White resigns} 0-1

[Event "ICC tourney 1954 (60 10)"]
[Site "Internet Chess Club"]
[Date "2020.08.07"]
[Round "3"]
[White "DimSum17"]
[Black "SoaringHawk24"]
[Result "0-1"]
[ICCResult "White checkmated"]
[WhiteElo "975"]
[BlackElo "1313"]
[Opening "English: Carls' Bremen system"]
[ECO "A22"]
[NIC "EO.10"]
[Time "18:36:15"]
[TimeControl "3600+10"]

1. c4 e5 2. Nc3 Nf6 3. g3 Bc5 4. e3 O-O 5. Bg2 d6 6. Nge2 Nc6 7. O-O Bg4 8.
h3 Bf5 9. e4 Be6 10. d3 Qd7 11. Kh2 h6 12. f4 Qe7 13. fxe5 dxe5 14. Nd5 Bxd5
15. cxd5 Nd4 16. Be3 Nxe2 17. Qxe2 Bxe3 18. Qxe3 Rfd8 19. Rac1 a6 20. Qc5
Qxc5 21. Rxc5 Rac8 22. h4 Ng4+ 23. Kg1 c6 24. Bh3 h5 25. Rfc1 Rd6 26. a4
Rcd8 27. dxc6 bxc6 28. Rxc6 Rxd3 29. Kg2 Rd2+ 30. Kf1 Nh2+ 31. Kg1 Nf3+ 32.
Kf1 Rxb2 33. Bg2 Rdd2 34. Bxf3 Rf2+ 35. Ke1 Rxf3 36. R6c2 Rxc2 37. Rxc2 Re3+
38. Re2 Rxg3 39. Kf2 Rh3 40. Rc2 Rh2+ 41. Kg3 Rxc2 42. a5 Ra2 43. Kf3 Rxa5
44. Ke3 Ra4 45. Kd2 Rxe4 46. Kd3 Rxh4 47. Kc3 g5 48. Kd3 Rg4 49. Ke3 f5 50.
Kf3 h4 51. Kf2 h3 52. Kf3 h2 53. Kf2 h1=Q 54. Ke3 Qh3+ 55. Kf2 Rg2+ 56. Kf1
Qh1# {White checkmated} 0-1

[Event "ICC tourney 1954 (60 10)"]
[Site "Internet Chess Club"]
[Date "2020.08.07"]
[Round "3"]
[White "Justinl20202020"]
[Black "sskavin14"]
[Result "0-1"]
[ICCResult "White checkmated"]
[WhiteElo "1001"]
[BlackElo "963"]
[Opening "Sicilian defense"]
[ECO "B40"]
[NIC "SI.43"]
[Time "18:36:53"]
[TimeControl "3600+10"]

1. e4 c5 2. Nf3 e6 3. Bc4 a6 4. O-O b5 5. Be2 d6 6. d4 Nd7 7. dxc5 Nxc5 8.
c4 Bd7 9. Nc3 b4 10. Nb1 Nxe4 11. Be3 Ngf6 12. Nbd2 Nxd2 13. Qxd2 a5 14.
Rad1 Be7 15. Rc1 Qc7 16. Nd4 O-O 17. Nb5 Bxb5 18. cxb5 Qd7 19. Bf3 d5 20. b6
Bd6 21. Be2 Ne4 22. Qd4 Qe7 23. Bf3 Bc5 24. Qd3 Bxe3 25. fxe3 Nc5 26. Qb5
Nb7 27. e4 Nd6 28. Qc5 dxe4 29. Be2 Rac8 30. Qxa5 Nb7 31. Qa6 Ra8 32. Qb5
Nd8 33. Rc7 Qd6 34. b7 Rb8 35. Rd7 Qc6 36. Qxc6 Nxc6 37. Bb5 Na7 38. Ba6 Nc6
39. Rc1 Na7 40. Rd4 f5 41. Rd6 Kf7 42. Rc7+ Kf6 43. Kf2 Ke5 44. Rdd7 f4 45.
Rxg7 Rfd8 46. Rxh7 Rd2+ 47. Ke1 Rxb2 48. Rc8 Nxc8 49. bxc8=Q Rxc8 50. Bxc8
Kd4 51. Bxe6 Ke3 52. Rh3+ f3 53. Kd1 Kd3 54. Kc1 Rxg2 55. Bd5 Rg1+ 56. Kb2
Rg2+ 57. Kb3 Kd4 58. Bc4 f2 59. Kxb4 Rg1 60. Rh4 Rb1+ 61. Ka5 Kxc4 62. Rxe4+
Kd3 63. Rf4 f1=Q 64. Rxf1 Rxf1 65. a4 Ra1 66. h4 Kc4 67. h5 Kb3 68. h6 Rxa4+
69. Kb5 Rh4 70. h7 Rxh7 71. Kc5 Kc3 72. Kd5 Kd3 73. Ke5 Ke3 74. Kf5 Rh4 75.
Kg5 Rf4 76. Kh5 Kf3 77. Kg5 Kg3 78. Kh5 Rg4 79. Kh6 Kf4 80. Kh5 Kf5 81. Kh6
Rg5 82. Kh7 Kf6 83. Kh6 Kf5 84. Kh7 Rg6 85. Kh8 Kf6 86. Kh7 Kf7 87. Kh8 Rh6#
{White checkmated}
0-1

[Event "ICC tourney 1954 (60 10)"]
[Site "Internet Chess Club"]
[Date "2020.08.07"]
[Round "3"]
[White "BearDBS"]
[Black "MSU8899"]
[Result "1-0"]
[ICCResult "Black resigns"]
[WhiteElo "1288"]
[BlackElo "989"]
[Opening "Queen's pawn, Mason variation"]
[ECO "D00"]
[NIC "QP.08"]
[Time "18:36:36"]
[TimeControl "3600+10"]

1. d4 d5 2. Bf4 Nf6 3. e3 e6 4. Nf3 c6 5. c3 Nbd7 6. Nbd2 Be7 7. h3 O-O 8.
Bd3 b6 9. O-O Bb7 10. Bh2 c5 11. Ne5 Nxe5 12. dxe5 Ne4 13. f3 Nxd2 14. Qxd2
d4 15. exd4 cxd4 16. cxd4 Qxd4+ 17. Kh1 Ba6 18. Bxh7+ Kxh7 19. Qxd4 Bxf1 20.
Rxf1 Bc5 21. Qa4 Rfc8 22. Rd1 Bf2 23. g4 a5 24. Kg2 Bh4 25. Bg3 Be7 26. Rd7
Bb4 27. Rxf7 Kh6 28. a3 Rd8 29. axb4 axb4 30. Qxb4 Ra2 31. Bf4+ Kg6 32.
Rxg7+ Kxg7 33. Qe7+ Kg6 34. Qxd8 Rxb2+ 35. Kg3 Kf7 36. Qf6+ {Black resigns}
1-0

[Event "ICC tourney 1954 (60 10)"]
[Site "Internet Chess Club"]
[Date "2020.08.07"]
[Round "3"]
[White "Gnanathan"]
[Black "RONAKSHERGIL"]
[Result "1-0"]
[ICCResult "Black checkmated"]
[WhiteElo "1380"]
[BlackElo "931"]
[Opening "Scotch game"]
[ECO "C45"]
[NIC "SO.05"]
[Time "18:37:56"]
[TimeControl "3600+10"]

1. e4 e5 2. Nf3 Nc6 3. d4 exd4 4. Nxd4 Bc5 5. Be3 Bxd4 6. Bxd4 Nxd4 7. Qxd4
Qf6 8. Qxf6 Nxf6 9. Nc3 d6 10. Bc4 Be6 11. Bxe6 fxe6 12. O-O O-O 13. f3 e5
14. Rad1 a6 15. Nd5 Nxd5 16. Rxd5 Rad8 17. Rfd1 Rf6 18. c4 b6 19. b4 c6 20.
R5d2 Kf7 21. Kf2 Kg6 22. c5 bxc5 23. bxc5 Kf7 24. cxd6 Re6 25. Ke3 g5 26. g4
h6 27. Rd3 c5 28. Rd5 Kg6 29. Rxc5 Rexd6 30. Rcd5 Rxd5 31. Rxd5 Rxd5 32.
exd5 Kf6 33. Ke4 a5 34. a4 Ke7 35. Kxe5 Kd7 36. d6 Kd8 37. Ke6 Ke8 38. d7+
Kd8 39. Kf6 Kxd7 40. Kg6 Kd6 41. Kxh6 Ke5 42. Kxg5 Ke6 43. h4 Kf7 44. h5 Kg8
45. h6 Kh7 46. Kh5 Kh8 47. g5 Kg8 48. g6 Kh8 49. g7+ Kg8 50. f4 Kh7 51. f5
Kg8 52. f6 Kh7 53. Kg5 Kg8 54. Kf5 Kh7 55. Ke6 Kg8 56. Ke7 Kh7 57. f7 Kxh6
58. g8=Q Kh5 59. f8=Q Kh4 60. Qh8+ Kg5 61. Qhg7+ Kh5 62. Qfh8#
{Black checkmated}
1-0